 Dungeon Crawl Stone Soup version 0.31.0-9-g3a7656b989 (webtiles) character file.

Game seed: 1067223922320102719

469 qw the Shooter (level 6, 0/30 HPs)
             Began as a Spriggan Hunter on Feb 2, 2024.
             Slain by a kobold
             ... wielding a +0 dagger
              (2 damage)
             ... in a sewer.
             The game lasted 00:00:13 (2879 turns).

qw the Shooter (Spriggan Hunter)                    Turns: 2879, Time: 00:00:13

Health: 0/30       AC:  2    Str:  7    XL:     6   Next: 82%
Magic:  7/7        EV: 21    Int: 11    God:
Gold:   186        SH:  0    Dex: 20    Spells: 5/5 levels left

rFire   . . .        e - +0 orcbow
rCold   . . .        (shield currently unavailable)
rNeg    . . .        c - +0 robe
rPois   .            (helmet restricted)
rElec   .            (no cloak)
rCorr   .            (gloves unavailable)
SInv    +            (boots unavailable)
Will    +....        (no amulet)
Stlth   ++           (no ring)
HPRegen 0.25/turn    (no ring)
MPRegen 0.10/turn

%: no passive effects
@: very quick
A: very small, no large weapons, unfitting armour, see invisible, speed 3
a: no special abilities


You were in a sewer.
You visited 1 branch of the dungeon, and saw 5 of its levels.
You also visited: Sewer.

You collected 186 gold pieces.


Innate Abilities, Weirdness & Mutations

You are very small and have problems with some larger weapons.
You are too small for most types of armour.
You have supernaturally acute eyesight. (SInv)
You cover ground extremely quickly. (Speed+++)


   Skills:
 - Level 2.0 Fighting
 + Level 6.8 Ranged Weapons
 - Level 6.1 Dodging
 - Level 1.5 Stealth


You had 5 spell levels left.
You didn't know any spells.
Your spell library was empty.

Inventory:

Hand Weapons
 e - a +0 orcbow (weapon)
Armour
 c - a +0 robe (worn)
Wands
 a - a wand of roots (12)
Potions
 b - a potion of curing
 d - 2 potions of cancellation
 f - 2 potions of might
 g - a potion of haste
 h - a potion of magic {unknown}
 i - a potion of attraction {unknown}
 j - a potion of heal wounds {unknown}
 k - a potion of brilliance {unknown}
 l - a potion of resistance {unknown}
 m - a potion of mutation {unknown}
 n - a potion of invisibility {unknown}

Dungeon Overview and Level Annotations

Branches:
Dungeon (6/15)              Sewer (1/1)
 Temple: D:4-7

Altars:
Ashenzari
Trog

Annotations:
D:3 2 transporters


Message History

The arrow hits the kobold but does no damage.
The kobold is moderately wounded.
The kobold hits you with a +1 whip of flaming.
The kobold burns you. The kobold completely misses you.
The kobold closely misses you. The kobold misses you.
The kobold hits you with a +2 short sword of speed.
The kobold closely misses you. The kobold barely misses you.
The kobold completely misses you.
You shoot an arrow. The arrow barely misses the kobold.
The kobold misses you. x2; The kobold hits you with a +0 dagger.
The kobold misses you.
The kobold hits you with a +2 short sword of speed.
You shoot an arrow.
The arrow hits the kobold but does no damage.
The kobold is moderately wounded.
The kobold hits you with a +2 short sword of speed.
The kobold misses you. The kobold completely misses you. x2
You shoot an arrow.
The arrow hits the kobold but does no damage.
The kobold is moderately wounded.
The kobold hits you with a +2 short sword of speed.
The kobold closely misses you. The kobold misses you.
The kobold hits you with a +1 whip of flaming.
The kobold burns you. The kobold misses you.
You shoot an arrow. The arrow hits the kobold.
You kill the kobold!
The kobold misses you. The kobold hits you with a +0 dagger.
The kobold barely misses you.
You shoot an arrow. The arrow hits the kobold.
The kobold is heavily wounded.
The kobold closely misses you. The kobold misses you.
The kobold closely misses you.
You shoot an arrow. The arrow hits the kobold!
You kill the kobold!
The kobold hits you with a +1 whip of flaming.
The kobold burns you. The kobold completely misses you.
You shoot an arrow. The arrow hits the kobold!
You kill the kobold!
The kobold hits you with a +0 dagger.
You die...

~~P........~~~~~.#...)#...#
~############~~########'###
~ ~~~~~~~~~~~~~~~~~~~~# ~
~~~~~~~~~~~~~~~~~~~~~# ~
~~~~~~~~~~~~~~~~~~~~~#
#######~~~#################
P...P~~P~~~~P....#!..!#
~..~~~..~~~~....K).[\.#
..........P.....@)....#
................)#..P.#
.P...............# ####
................##
%....##.........#
#...####..####### #####
####


You could see a kobold.

Vanquished Creatures
  A kobold brigand (Sewer)
  A brain worm (Sewer)
  A bullfrog (D:6)
  2 hounds (D:6)
  Jessica (D:3)
  An iguana (D:6)
  An orc wizard (D:3)
  5 adders
  A white imp (D:6)
  A ribbon worm (D:2)
  3 orcs (D:3)
  7 endoplasms
  3 giant cockroaches
  5 goblins
  5 hobgoblins
  2 jackals (D:1)
  5 quokkas
  8 ball pythons
  8 bats
  5 frilled lizards
  14 kobolds
  7 rats
87 creatures vanquished.

Notes
Turn   | Place    | Note
-------+----------+-------------------------------------------
     0 | D:1      | qw the Spriggan Hunter began the quest for the Orb.
     0 | D:1      | Reached XP level 1. HP: 10/10 MP: 2/2
     0 | D:1      | 0 ||| qw: Version: 0.3-a-155-g5e7d8dd
     0 | D:1      | 0 ||| qw: Game counter: 728
     0 | D:1      | 0 ||| qw: Melee chars always use a shield: true
     0 | D:1      | 0 ||| qw: God list: Okawaru
     0 | D:1      | 0 ||| qw: Allow faded altars: false
     0 | D:1      | 0 ||| qw: Do Orc after clearing Dungeon:15 true
     0 | D:1      | 0 ||| qw: Do second Lair branch before Depths: true
     0 | D:1      | 0 ||| qw: Lair rune preference: random
     0 | D:1      | 0 ||| qw: Goals: Normal
     0 | D:1      | 0 ||| PLANNING D:1-11
    47 | D:1      | Reached skill level 3 in Dodging
   174 | D:1      | Reached XP level 2. HP: 9/14 MP: 3/3
   632 | D:1      | 632 ||| DROPPING ring of wizardry.
   633 | D:1      | 633 ||| READING scroll labelled JUHUTW SYILUN.
   633 | D:1      | 633 ||| ENCHANTING +0 shortbow.
   634 | D:1      | 634 ||| READING scroll labelled KUOSYBAPIE.
   635 | D:1      | 635 ||| READING scroll labelled WISAC ISOFAH.
   635 | D:1      | 635 ||| ENCHANTING +1 shortbow.
   636 | D:1      | 636 ||| READING scroll labelled BAHODO NAKY.
   637 | D:1      | 637 ||| DROPPING scroll of butterflies.
   682 | D:2      | Reached XP level 3. HP: 18/18 MP: 4/4
   835 | D:2      | 835 ||| SWAPPING to +0 orcbow.
   836 | D:2      | 836 ||| DROPPING +1 shortbow.
  1443 | D:2      | 1443 ||| READING 2 scrolls labelled QOOWKURPHOY.
  1443 | D:2      | 1443 ||| IDENTIFYING fizzy orange potion
  1444 | D:2      | 1444 ||| READING scroll of identify.
  1444 | D:2      | 1444 ||| IDENTIFYING grey potion
  1445 | D:2      | 1445 ||| DRINKING 2 viscous brown potions.
  1650 | D:3      | Found a bloodstained altar of Trog.
  1650 | D:3      | Found a broken altar of Ashenzari.
  1680 | D:3      | Found a transporter.
  1712 | D:3      | Reached XP level 4. HP: 22/22 MP: 5/5
  1738 | D:3      | Found a transporter.
  1744 | D:3      | 1744 ||| READING 2 scrolls of identify.
  1744 | D:3      | 1744 ||| IDENTIFYING sedimented orange potion
  1745 | D:3      | 1745 ||| READING scroll of identify.
  1745 | D:3      | 1745 ||| IDENTIFYING 2 scrolls labelled SEMOBO PIROFIB
  1746 | D:3      | 1746 ||| DROPPING 2 scrolls of noise.
  2005 | D:3      | Noticed Jessica
  2011 | D:3      | Killed Jessica
  2012 | D:3      | Reached XP level 5. HP: 22/26 MP: 6/6
  2152 | D:3      | 2152 ||| READING scroll labelled KIMALE LAOHEO.
  2269 | D:4      | You fall into a shaft and drop 2 floors!
  2270 | D:6      | 2270 ||| PLANNING SEWER
  2404 | D:6      | Found a glowing drain.
  2405 | D:6      | 2405 ||| READING scroll labelled MIFIBUCOFO.
  2406 | D:6      | 2406 ||| READING 2 scrolls labelled LIPOHU FYDU.
  2443 | D:6      | 2443 ||| Stepping randomly (stuck).
  2444 | D:6      | 2444 ||| Stepping randomly (stuck).
  2445 | D:6      | 2445 ||| Stepping randomly (stuck).
  2446 | D:6      | 2446 ||| Stepping randomly (stuck).
  2447 | D:6      | 2447 ||| Stepping randomly (stuck).
  2448 | D:6      | 2448 ||| Stepping randomly (stuck).
  2449 | D:6      | 2449 ||| Stepping randomly (stuck).
  2450 | D:6      | 2450 ||| Stepping randomly (stuck).
  2451 | D:6      | 2451 ||| Stepping randomly (stuck).
  2452 | D:6      | 2452 ||| Stepping randomly (stuck).
  2453 | D:6      | 2453 ||| Stepping randomly (stuck).
  2454 | D:6      | 2454 ||| Stepping randomly (stuck).
  2455 | D:6      | 2455 ||| Stepping randomly (stuck).
  2456 | D:6      | 2456 ||| Stepping randomly (stuck).
  2457 | D:6      | 2457 ||| Stepping randomly (stuck).
  2458 | D:6      | 2458 ||| Stepping randomly (stuck).
  2459 | D:6      | 2459 ||| Stepping randomly (stuck).
  2460 | D:6      | 2460 ||| Stepping randomly (stuck).
  2461 | D:6      | 2461 ||| Stepping randomly (stuck).
  2462 | D:6      | 2462 ||| Stepping randomly (stuck).
  2463 | D:6      | 2463 ||| Stepping randomly (stuck).
  2464 | D:6      | 2464 ||| Stepping randomly (stuck).
  2465 | D:6      | 2465 ||| Stepping randomly (stuck).
  2466 | D:6      | 2466 ||| Stepping randomly (stuck).
  2467 | D:6      | 2467 ||| Stepping randomly (stuck).
  2468 | D:6      | 2468 ||| Stepping randomly (stuck).
  2469 | D:6      | 2469 ||| Stepping randomly (stuck).
  2470 | D:6      | 2470 ||| Stepping randomly (stuck).
  2471 | D:6      | 2471 ||| Stepping randomly (stuck).
  2472 | D:6      | 2472 ||| Stepping randomly (stuck).
  2473 | D:6      | 2473 ||| Stepping randomly (stuck).
  2474 | D:6      | 2474 ||| Stepping randomly (stuck).
  2475 | D:6      | 2475 ||| Stepping randomly (stuck).
  2476 | D:6      | 2476 ||| Stepping randomly (stuck).
  2477 | D:6      | 2477 ||| Stepping randomly (stuck).
  2478 | D:6      | 2478 ||| Stepping randomly (stuck).
  2479 | D:6      | 2479 ||| Stepping randomly (stuck).
  2480 | D:6      | 2480 ||| Stepping randomly (stuck).
  2481 | D:6      | 2481 ||| Stepping randomly (stuck).
  2482 | D:6      | 2482 ||| Stepping randomly (stuck).
  2483 | D:6      | 2483 ||| Stepping randomly (stuck).
  2484 | D:6      | 2484 ||| Stepping randomly (stuck).
  2485 | D:6      | 2485 ||| Stepping randomly (stuck).
  2486 | D:6      | 2486 ||| Stepping randomly (stuck).
  2487 | D:6      | 2487 ||| Stepping randomly (stuck).
  2488 | D:6      | 2488 ||| Stepping randomly (stuck).
  2489 | D:6      | 2489 ||| Stepping randomly (stuck).
  2490 | D:6      | 2490 ||| Stepping randomly (stuck).
  2491 | D:6      | 2491 ||| Stepping randomly (stuck).
  2492 | D:6      | 2492 ||| Stepping randomly (stuck).
  2493 | D:6      | 2493 ||| Stepping randomly (stuck).
  2494 | D:6      | 2494 ||| READING scroll of teleportation.
  2527 | D:6      | Reached skill level 6 in Ranged Weapons
  2527 | D:6      | Reached XP level 6. HP: 27/30 MP: 7/7
  2550 | Sewer    | Entered a sewer
  2601 | Sewer    | Reached skill level 6 in Dodging
  2703 | Sewer    | HP: 6/30 [kobold brigand/+0 dagger (5)]
  2875 | Sewer    | HP: 6/30 [kobold/+1 whip of flaming (2)]
  2878 | Sewer    | HP: 2/30 [kobold/+1 whip of flaming (1)]
  2879 | Sewer    | Slain by a kobold

Levels and vault maps discovered:
D:1:      evilmike_arrival_plus, layout_basic
D:2:      layout_basic
D:3:      gammafunk_wand_slinger, layout_loops_ring,
          nicolae_overflow_two_pavilions, uniq_jessica
D:4:      layout_gridville, nicolae_uskayaw_murder_on_the_dancefloor,
          minmay_temple_entry_stoned_glass, serial_library_hellmonk_big_corner,
          reono_crystal_passage
D:6:      layout_cave_pools, portal_sewer_entry_f
Sewer:    kennysheep_pipe_town

Skill      XL: |  1  2  3  4  5  6 |
---------------+-------------------+-----
Dodging        | 3 4 5 6 |  6.1
Ranged Weapons | 5 6 |  6.8
Fighting       | 2 |  2.0
Stealth        | |  1.5

Action                     |  1- 3 |  4- 6 || total
---------------------------+-------+-------++-------
   Fire: Shortbow          |    76 |       ||    76
         Orcbow            |    25 |   140 ||   165
    Use: Scroll            |     6 |     6 ||    12
         Potion            |     1 |       ||     1
 Armour: Robe              |    10 |    37 ||    47
  Dodge: Dodged            |    19 |   105 ||   124

Table legend:
 A = Non-vault XP
 B = Vault XP
 C = Vault XP percentage of total XP
 D = Non-vault monster count
 E = Vault monster count
 F = Vault count percentage of total count
                 A         B        C        D         E       F
            +---------+---------+-------+---------+---------+-------
      Total |     394 |     278 |  41.4 |      61 |      26 |  29.9
            +---------+---------+-------+---------+---------+-------
        D:1 |      40 |       0 |   0.0 |      24 |       0 |   0.0
        D:2 |      33 |       0 |   0.0 |      13 |       0 |   0.0
        D:3 |     104 |      37 |  26.2 |      19 |       1 |   5.0
        D:6 |     217 |       8 |   3.6 |       5 |       4 |  44.4
      Sewer |       0 |     233 | 100.0 |       0 |      21 | 100.0
            +---------+---------+-------+---------+---------+-------
